 Dungeon Crawl Stone Soup version 0.31-a0-986-g5e6e4ef867 (webtiles) character file.

Game seed: 8319426447515264269

786 serber55 the Chiller (level 7, -3/46 HPs)
             Began as an Octopode Ice Elementalist on Nov 13, 2023.
             Was a Follower of the Shining One.
             Succumbed to a death drake's dark miasma
             ... on level 3 of the Abyss.
             The game lasted 00:13:48 (4712 turns).

serber55 the Chiller (Octopode Ice Elementalist)    Turns: 4712, Time: 00:13:49

Health: -3/46      AC:  1    Str:  4 (7)  XL:     7   Next: 87%
Magic:  9/12       EV: 14    Int: 16 (19) God:    the Shining One [*.....]
Gold:   227        SH:  0    Dex: 10 (13) Spells: 2/13 levels left

rFire   . . .        d - +5 short sword (protect)
rCold   . . .        (no shield)
rNeg    + . .        (helmet restricted)
rPois   .            (no amulet)
rElec   .            e - ring of positive energy
rCorr   .            (no ring)
SInv    .            (no ring)
Will    +....        (no ring)
Stlth   +            (no ring)
HPRegen 0.27/turn    (no ring)
MPRegen 0.13/turn    (no ring)
                     (no ring)

%: no passive effects
@: lethally poisoned (-3 -> -34), enlightened, flying, slowed, glowing, studying
Shapeshifting, very slow
A: almost no armour, amphibious, 8 rings, camouflage 1, gelatinous body 1,
(nimble swimmer 1), tentacles
a: Renounce Religion, Divine Shield


You were on level 3 of the Abyss.
You worshipped the Shining One.
The Shining One was aware of your devotion.
You visited 2 branches of the dungeon, and saw 5 of its levels.
You visited the Abyss 1 time.
You also visited: Sewer.

You collected 227 gold pieces.

Inventory:

Hand Weapons
 d - a +5 short sword of protection (weapon)
Jewellery
 e - a ring of positive energy (left tentacle)
Wands
 h - a wand of flame (12)
Scrolls
 b - 2 scrolls of amnesia
 i - a scroll of vulnerability
 k - 2 scrolls of immolation
Potions
 a - 3 potions of magic
 f - a potion of attraction
 g - a potion of enlightenment
 l - a potion of ambrosia
 o - a potion of haste {unknown}
 p - a potion of invisibility {unknown}


   Skills:
 + Level 3.4 Fighting
 + Level 4.1 Dodging
 - Level 2.6 Stealth
 + Level 3.8 Spellcasting
 * Level 6.8 Ice Magic


You had 2 spell levels left.
You knew the following spells:

 Your Spells              Type           Power      Damage    Failure   Level
a - Freeze                Ice            96%        1d10      1%          1
b - Frozen Ramparts       Ice            48%        1d8       3%          3
c - Ozocubu's Armour      Ice            24%        N/A       3%          3
d - Summon Ice Beast      Ice/Summ       13%        N/A       38%         4

Your spell library contained the following spells:

 Spells                   Type           Power      Damage    Failure   Level
 Sublimation of Blood     Necr           3%         N/A       26%         2
 Wereblood                Tmut           3%         N/A       26%         2
 Summon Hydra             Summ           1%         N/A       100%        7


Dungeon Overview and Level Annotations

Branches:
Dungeon (4/15)             Temple (1/1) D:4           Sewer (visited)

Altars:
Ashenzari
Cheibriados
Dithmenos
Elyvilon
Fedhas
Makhleb
Nemelex Xobeh
Ru
Sif Muna
Trog
Uskayaw
Vehumet
Xom
Yredelemnul
Zin
The Shining One


Innate Abilities, Weirdness & Mutations

You cannot wear most types of armour.
You are amphibious.
You can wear up to eight rings at the same time.
Your skin changes colour to match your surroundings (Stealth+).
Your rubbery body absorbs attacks. (AC +1, EV +1)
((You are camouflaged when in or above water. (Stealth+)))
You have tentacles for arms and can constrict up to eight enemies at once.


Message History

The small abomination attacks as it pursues you!
The small abomination barely misses you.
Found a gateway leading deeper into the Abyss.
The small abomination hits you!
A smoke demon comes into view.
You and your allies can now gain power from killing the unholy and evil.
You can now call upon the Shining One for a divine shield.
The smoke demon roars!
There is a gateway leading deeper into the Abyss here.
The small abomination hits you!
* * * LOW HITPOINT WARNING * * *
The smoke demon hits you.
* * * LOW HITPOINT WARNING * * *
The smoke demon hits you but does no damage.
The smoke demon misses you.
You plunge deeper into the Abyss.
The abyssal rune of Zot can be found at this depth.
Found a corrupted altar of Lugonu.
You start resting.
A death drake comes into view.
The death drake hisses angrily.
Okay, then.
It was a potion of degeneration.
There was something very wrong with that liquid.
You feel weakened.
You feel dopey.
You feel clumsy. The death drake breathes miasma at you.
It was a potion of enlightenment.
You feel very buoyant.
You fly up into the air.
It was a potion of heal wounds.
You feel much better. The death drake breathes miasma at you.
The foul vapour engulfs you!!
You are poisoned.
You feel yourself slow down.
Unknown command.
Found a gateway leading deeper into the Abyss.
You are engulfed in dark miasma.
You are lethally poisoned!
* * * LOW HITPOINT WARNING * * *
You die...

#.......##.### .. .
#...#.......#.#...
#....#......... ..
###.......#.....##
#####...k#.......##
.....○.○☼......###
###.○○☼○...#....
#.#○○#.....#..
#.#○@○#..###.## .
##.###.# # ... #.#
..#.# . . .#. .#
... >... #. .. .#
#. . ## .. ##


You could see a death drake (catching breath).

Vanquished Creatures
  A water moccasin (D:4)
  2 small abominations (Abyss:2)
  A phantom (D:4)
  A jelly (D:4)
  3 orc priests (D:3)
  An orc wizard (D:3)
  Terence (D:2)
  Robin (D:2)
  4 gnolls (D:3)
  6 adders
  4 river rats (Sewer)
  A white imp (D:4)
  An ufetubus (Abyss:2)
  2 worms (D:2)
  A dart slug (D:3)
  5 orcs
  3 endoplasms
  4 giant cockroaches
  17 goblins
  3 hobgoblins
  7 quokkas
  10 ball pythons
  4 bats (D:2)
  12 frilled lizards
  6 kobolds
  11 rats
112 creatures vanquished.

Notes
Turn   | Place    | Note
-------+----------+-------------------------------------------
     0 | D:1      | serber55 the Octopode Ice Elementalist began the quest for
                  | the Orb.
     0 | D:1      | Reached XP level 1. HP: 11/11 MP: 3/3
    32 | D:1      | Found a faded altar of an unknown god.
   167 | D:1      | Reached XP level 2. HP: 12/18 MP: 1/5
   818 | D:2      | Noticed Terence
   820 | D:2      | Noticed Robin
   825 | D:2      | Reached XP level 3. HP: 22/22 MP: 6/6
   827 | D:2      | Killed Terence
   828 | D:2      | Reached skill level 1 in Fighting
   830 | D:2      | Killed Robin
   831 | D:2      | Reached XP level 4. HP: 27/28 MP: 0/7
  1017 | D:2      | Learned a level 3 spell: Frozen Ramparts
  1021 | D:2      | Learned a level 3 spell: Ozocubu's Armour
  1646 | D:3      | Found a glowing drain.
  1678 | Sewer    | Entered a sewer
  1688 | Sewer    | Reached skill level 5 in Ice Magic
  1688 | Sewer    | Reached XP level 5. HP: 34/34 MP: 4/9
  2241 | D:3      | Reached XP level 6. HP: 28/39 MP: 1/10
  3719 | D:4      | Noticed a water moccasin
  3738 | D:4      | Reached skill level 6 in Ice Magic
  3738 | D:4      | Reached XP level 7. HP: 21/45 MP: 3/12
  3939 | D:4      | Found a staircase to the Ecumenical Temple.
  3949 | Temple   | Entered the Ecumenical Temple
  3955 | Temple   | Became a worshipper of the Shining One
  4233 | D:4      | Learned a level 4 spell: Summon Ice Beast
  4260 | Abyss:1  | Cast into level 1 of the Abyss (kobold)
  4271 | Abyss:1  | Found a corrupted altar of Lugonu.
  4303 | Abyss:1  | Found a corrupted altar of Lugonu.
  4323 | Abyss:1  | Noticed a wraith
  4338 | Abyss:1  | Noticed a thrashing horror
  4342 | Abyss:1  | Noticed a chaos spawn
  4460 | Abyss:1  | Noticed a thrashing horror
  4493 | Abyss:1  | Noticed a worldbinder
  4501 | Abyss:1  | Noticed a wolf spider
  4503 | Abyss:1  | Noticed a tarantella
  4506 | Abyss:1  | Noticed a tarantella
  4506 | Abyss:1  | Noticed an orb spider
  4544 | Abyss:2  | Found a corrupted altar of Lugonu.
  4565 | Abyss:2  | Noticed an orb spider
  4660 | Abyss:2  | Noticed a small abomination
  4663 | Abyss:2  | Noticed a guardian serpent
  4671 | Abyss:2  | Noticed an ophan
  4679 | Abyss:2  | Noticed a smoke demon
  4679 | Abyss:2  | Reached * piety under the Shining One
  4684 | Abyss:3  | Found a corrupted altar of Lugonu.
  4699 | Abyss:3  | Noticed a death drake
  4712 | Abyss:3  | Succumbed to a death drake's dark miasma

Illustrated notes

Levels and vault maps discovered:
D:1:      tarquinn_simple_flora_water_a, layout_basic,
          chequers_ecumenical_altar_simple_redux, serial_glass, glass_columns_c,
          glass_columns_c, glass_columns_c, glass_columns_a, glass_columns_c,
          glass_columns_b, glass_columns_c, glass_columns_a,
          due_unseen_surprise, minmay_strange_pillars, minmay_strange_pillars,
          minmay_strange_pillars, st_stairs_4
D:2:      layout_basic, minmay_cut_off, uniq_terence, uniq_robin
D:3:      layout_basic, portal_sewer_entry_f, kennysheep_generic_room_3,
          uniq_grinder
D:4:      layout_loops_ring, minmay_temple_entry_mini_moons, minmay_manual_mail
Temple:   compressed_dpeg_triangle_lava_temple
Abyss:3:  base:
D:1

Skill      XL: |  1  2  3  4  5  6  7 |
---------------+----------------------+-----
Fighting       | 1 2 3 |  3.4
Ice Magic      | 5 6 |  6.8
Dodging        | 3 4 |  4.1
Spellcasting   | 3 |  3.8
Stealth        | |  2.6

Action                     |  1- 3 |  4- 6 |  7- 9 || total
---------------------------+-------+-------+-------++-------
  Melee: Short sword       |    24 |   125 |    20 ||   169
         Unarmed           |     3 |       |       ||     3
         Constrict         |     4 |    25 |     4 ||    33
         Tentacles         |     3 |    19 |     5 ||    27
         Punch             |       |     2 |       ||     2
   Cast: Freeze            |    11 |     5 |     8 ||    24
         Frozen Ramparts   |       |    13 |     3 ||    16
         Ozocubu's Armour  |       |     3 |     2 ||     5
    Use: Scroll            |       |    13 |     3 ||    16
         Potion            |       |     3 |     3 ||     6
   Stab: Sleeping          |     5 |    24 |     1 ||    30
 Armour: Skin              |     5 |    56 |    22 ||    83
  Dodge: Dodged            |     9 |    56 |    34 ||    99

Table legend: (Time is in decaauts)
 A = Elapsed time spent in this place.
 B = Non-inter-level travel time spent in this place.
 C = Inter-level travel time spent in this place.
 D = Time resting spent in this place.
 E = Time spent auto-exploring this place.
 F = Levels seen in this place.
 G = Mean time per level.
                   A        B        C        D        E       F      G
               +--------+--------+--------+--------+--------+-----+--------+
         Total |   4709 |   4594 |    115 |    771 |   2838 |   9 |  523.2 |
       Dungeon |   3746 |   3631 |    115 |    503 |   2481 |   4 |  936.5 |
        Temple |     12 |     12 |      0 |      0 |      0 |   1 |   12.0 |
         Abyss |    451 |    451 |      0 |    202 |     72 |   3 |  150.3 |
         Sewer |    498 |    498 |      0 |     66 |    285 |   1 |  498.0 |
               +--------+--------+--------+--------+--------+-----+--------+

Top non-repeatable levels by time:
     D:3: 1340 daAuts
     D:2: 839 daAuts
     D:4: 792 daAuts
     D:1: 774 daAuts
   Sewer: 498 daAuts
 Abyss:1: 245 daAuts
 Abyss:2: 177 daAuts
 Abyss:3: 27 daAuts
  Temple: 12 daAuts
